 Dungeon Crawl Stone Soup version 0.28.0 (webtiles) character file.

Game seed: 6996237354547267450

5117 browni3141 the Cleaver (level 10, -1/97 HPs)
             Began as a Minotaur Berserker on Feb 18, 2022.
             Was an Elder of Trog.
             Shot with an arrow by a centaur warrior (4 damage)
             ... on level 8 of the Dungeon.
             The game lasted 00:04:11 (9980 turns).

browni3141 the Cleaver (Minotaur Berserker)         Turns: 9980, Time: 00:04:11

Health: -1/97      AC: 11    Str: 26    XL:     10   Next: 32%
Magic:  9/9        EV:  7    Int:  4    God:    Trog [****..]
Gold:   205        SH:  8    Dex: 10    Spells: 9/9 levels left

rFire   . . .      SeeInvis +   d - +0 war axe
rCold   . . .      Faith    .   E - +0 kite shield
rNeg    . . .      Spirit   .   l - +0 chain mail
rPois   .          Reflect  .   (helmet restricted)
rElec   .          Harm     .   (no cloak)
rCorr   .          Rampage  .   (no gloves)
Will    .....                   (no boots)
Stlth   ..........              (no amulet)
HPRegen 0.26/turn               v - ring of see invisible
MPRegen 0.11/turn               (no ring)

@: on berserk cooldown, slowed, very slow
A: horns 2, retaliatory headbutt
a: Renounce Religion, Berserk, Trog's Hand, Brothers in Arms


You were on level 8 of the Dungeon.
You worshipped Trog.
Trog was greatly pleased with you.
You visited 1 branch of the dungeon, and saw 8 of its levels.

You collected 205 gold pieces.


Innate Abilities, Weirdness & Mutations

You have a pair of horns on your head.
You reflexively headbutt those who attack you in melee.


   Skills:
 * Level 11.6 Fighting
 * Level 11.6 Axes
 + Level 8.2 Armour
 - Level 2.1 Dodging
 * Level 5.1 Shields


You had 9 spell levels left.
You didn't know any spells.
Your spell library was empty.

Inventory:

Hand Weapons
 a - a +0 hand axe
 d - a +0 war axe (weapon)
Armour
 b - a +0 animal skin
 l - a +0 chain mail (worn)
 C - a scarf of shadows
 E - a +0 kite shield (worn)
Jewellery
 r - an amulet of magic regeneration
 v - a ring of see invisible (left hand)
Wands
 q - a wand of iceblast (8)
 w - a wand of paralysis (11)
 y - a wand of acid (14)
 z - a wand of polymorph (6)
Scrolls
 c - 6 scrolls of teleportation {unknown}
 e - 4 scrolls of torment {unknown}
 i - a scroll of enchant weapon {unknown}
 j - a scroll of fog {unknown}
 k - 2 scrolls of identify {unknown}
 o - a scroll of immolation {unknown}
 p - a scroll of holy word {unknown}
 s - a scroll of noise {unknown}
 t - 2 scrolls of enchant armour {unknown}
 F - 2 scrolls of blinking {unknown}
Potions
 f - a potion of heal wounds {unknown}
 g - 2 potions of mutation {unknown}
 h - a potion of attraction {unknown}
 m - a potion of lignification {unknown}
 n - 2 potions of brilliance {unknown}
 u - a potion of resistance {unknown}
 x - a potion of ambrosia {unknown}
 A - 2 potions of curing {unknown}
 B - a potion of magic {unknown}
 D - 2 potions of berserk rage {unknown}
 G - a potion of degeneration {unknown}

Dungeon Overview and Level Annotations

Branches:
Dungeon (8/15)             Temple (0/1) D:7
   Lair: D:8-11

Altars:
Hepliaklqana
Makhleb
Qazlal
Zin
The Shining One

#.# #.#..≈.≈≈≈.≈.≈..# ##+##
#.##.≈.≈c..≈.≈..#
##...###.##.≈.≈≈≈≈≈.≈..#
##.....##.##.≈.......≈..#
##.......#.÷..≈≈≈≈≈≈≈≈≈..#
##.........##.............#
.+)........+)))...........#
##.......#.##.#...#########
##........##..#@##
##.....##..###.#
##...###>.###.#
##'##..##..#.# #.###.
#.##.# #.# .. ####.# #.##.#
#.# ..... #.# ....#


You could see a centaur warrior.


Message History

You are engulfed in a cloud of scalding steam.
Things that are here:
a +0 giant spiked club; a +0 giant club The steam dragon barely misses you. x2
A red film seems to cover your vision as you go berserk!
You feel yourself moving faster!
You feel mighty! The steam dragon bites you.
The steam dragon claws you but does no damage.
You slash the steam dragon! Your headbutt misses the steam dragon.
The steam dragon is heavily wounded.
You barely miss the steam dragon.
The steam dragon is heavily wounded.
The steam dragon bites you. You block the steam dragon's attack.
You slice the steam dragon!!
You kill the steam dragon!
Trog accepts your kill.
No reachable target in view!
You feel a strong urge to attack something.
You feel your anger nearly subside.
You are no longer berserk.
You are exhausted.
You feel yourself slow down.
The centaur warrior is no longer paralysed.
The centaur warrior shoots an arrow.
The arrow hits you!
* * * LOW HITPOINT WARNING * * *
The centaur warrior shoots an arrow.
The arrow hits you!!
* * * LOW HITPOINT WARNING * * *
The centaur warrior shoots an arrow.
The arrow hits you!
* * * LOW HITPOINT WARNING * * *
The centaur warrior shoots an arrow.
You block the arrow.
The centaur warrior shoots an arrow.
The arrow hits you.
You die...

Skill      XL: |  1  2  3  4  5  6  7  8  9 10 |
---------------+-------------------------------+-----
Axes           | 4 5 6 8 9 11 | 11.6
Fighting       | 4 5 6 7 9 11 | 11.6
Armour         | 3 4 5 6 7 8 |  8.2
Shields        | 3 5 |  5.1
Dodging        | |  2.1

Action                   |  1- 3 |  4- 6 |  7- 9 | 10-12 || total
-------------------------+-------+-------+-------+-------++-------
Melee: Hand axe          |    13 |       |       |       ||    13
       War axe           |    79 |    54 |   186 |    27 ||   346
       Headbutt          |     8 |     9 |    26 |     6 ||    49
       Punch             |       |     1 |     1 |       ||     2
Invok: Berserk           |       |     3 |     8 |     2 ||    13
Evoke: Wand              |       |       |       |     4 ||     4
 Stab: Sleeping          |     1 |       |       |       ||     1
Armor: Animal skin       |    20 |       |       |       ||    20
       Chain mail        |    21 |    21 |    88 |    12 ||   142
       Skin              |       |       |     1 |       ||     1
Dodge: Dodged            |    56 |    12 |   102 |    10 ||   180
Block: Kite shield       |       |       |    20 |    18 ||    38

Levels and vault maps discovered:
D:1:      mrwooster_arrival_statue, layout_rooms,
          shapermc_ecumenical_altar_mp_highgroup, minmay_misc_feat_rugged,
          chequers_serial_rivers_large_a
D:2:      layout_loops_corners
D:3:      layout_loops_corners, nicolae_qazlal_scattered_showers, zin_angel,
          minmay_misc_feat_alley
D:4:      layout_basic
D:5:      layout_basic
D:6:      layout_gridville, minmay_misc_feat_tiny, uniq_maggie
D:7:      layout_cave_pools, lemuel_crystal_altar, minmay_temple_entry_junction,
          serial_column_ruins, column_ruins_columns_dead_end,
          column_ruins_columns_straight, column_ruins_corridor_straight,
          column_ruins_open_tiny_water, column_ruins_open_tiny,
          column_ruins_open_tiny, nrook_uturn
D:8:      layout_loops_corners, lemuel_crystal_altar,
          mainiacjoe_overflow_catwalk_spiral, serial_shops,
          nicolae_shop_hallway_stairs, st_stairs_7, uniq_psyche,
          uniq_prince_ribbit1, uniq_pikel

Notes
Turn   | Place    | Note
-------+----------+-------------------------------------------
     0 | D:1      | browni3141 the Minotaur Berserker began the quest for the
                  | Orb.
     0 | D:1      | Reached XP level 1. HP: 19/19 MP: 0/0
    37 | D:1      | Found a faded altar of an unknown god.
   374 | D:1      | Reached skill level 4 in Axes
   374 | D:1      | Reached XP level 2. HP: 19/27 MP: 1/1
   554 | D:1      | Reached skill level 4 in Fighting
   766 | D:1      | Reached ** piety under Trog
   863 | D:1      | Reached XP level 3. HP: 27/33 MP: 2/2
  1113 | D:2      | Reached skill level 3 in Armour
  1506 | D:2      | Identified the +2 leather armour of Gyk Sog {rPois Regen+
                  | Int+3 Stlth+}
  2477 | D:3      | Found a stormy altar of Qazlal.
  2488 | D:3      | Reached XP level 4. HP: 36/41 MP: 3/3
  2891 | D:3      | Found a glowing silver altar of Zin.
  2892 | D:3      | Noticed an angel
  2935 | D:4      | Reached skill level 5 in Axes
  3123 | D:4      | Noticed a scorpion
  3127 | D:4      | Killed a scorpion
  3128 | D:4      | Reached skill level 5 in Fighting
  3128 | D:4      | Reached XP level 5. HP: 48/48 MP: 4/4
  3296 | D:4      | Noticed an ogre
  3298 | D:4      | Noticed a phantom
  3303 | D:4      | Killed an ogre
  3304 | D:4      | Reached skill level 6 in Axes
  3304 | D:4      | Reached skill level 4 in Armour
  3304 | D:4      | Reached XP level 6. HP: 15/57 MP: 5/5
  3306 | D:4      | Reached skill level 6 in Fighting
  4322 | D:4      | Reached XP level 7. HP: 61/64 MP: 6/6
  4383 | D:5      | Entered Level 5 of the Dungeon
  4458 | D:5      | Reached skill level 7 in Axes
  4462 | D:5      | Reached skill level 7 in Fighting
  4553 | D:5      | Reached skill level 5 in Armour
  5498 | D:5      | Reached *** piety under Trog
  5502 | D:5      | Reached skill level 8 in Axes
  5502 | D:5      | Reached XP level 8. HP: 74/74 MP: 7/7
  5510 | D:5      | Reached skill level 8 in Fighting
  5965 | D:6      | Noticed Maggie
  5976 | D:6      | Killed Maggie
  5977 | D:6      | Reached skill level 9 in Axes
  5977 | D:6      | Reached skill level 6 in Armour
  6239 | D:6      | Reached skill level 9 in Fighting
  6803 | D:6      | Reached XP level 9. HP: 76/85 MP: 8/8
  7097 | D:6      | Reached skill level 10 in Axes
  7268 | D:7      | Reached skill level 10 in Fighting
  7268 | D:7      | Reached skill level 7 in Armour
  7729 | D:7      | Found a hazy altar of Hepliaklqana.
  8121 | D:7      | Found a staircase to the Ecumenical Temple.
  8174 | D:7      | Reached skill level 1 in Shields
  8742 | D:8      | Noticed Psyche
  8753 | D:8      | Killed Psyche
  8754 | D:8      | Reached skill level 2 in Shields
  8930 | D:8      | HP: 8/86 [something (13)]
  9131 | D:8      | Reached skill level 3 in Shields
  9297 | D:8      | Reached skill level 11 in Fighting
  9297 | D:8      | Reached skill level 11 in Axes
  9301 | D:8      | Noticed Pikel
  9301 | D:8      | Noticed Prince Ribbit
  9309 | D:8      | Killed Pikel
  9310 | D:8      | Reached XP level 10. HP: 96/96 MP: 9/9
  9329 | D:8      | Killed Prince Ribbit
  9330 | D:8      | Reached skill level 4 in Shields
  9532 | D:8      | Reached **** piety under Trog
  9580 | D:8      | Found a burning altar of Makhleb.
  9582 | D:8      | Found a glowing golden altar of the Shining One.
  9590 | D:8      | Noticed a two-headed ogre
  9598 | D:8      | Killed a two-headed ogre
  9599 | D:8      | Reached skill level 8 in Armour
  9605 | D:8      | Reached skill level 5 in Shields
  9615 | D:8      | Noticed a centaur warrior
  9980 | D:8      | HP: 3/97 [centaur warrior/arrow (15)]
  9980 | D:8      | Shot with an arrow by a centaur warrior

Vanquished Creatures
  A two-headed ogre (D:8)
  Pikel (D:8)
  Maggie (D:6)
  Psyche (D:8)
  Prince Ribbit (D:8)
  3 steam dragons
  An acid dragon (D:5)
  2 water moccasins
  A black bear (D:8)
  4 sky beasts
  A necrophage (D:5)
  4 ogres
  3 centaurs
  A phantom (D:4)
  2 bullfrogs
  A kobold brigand (D:8)
  A gnoll sergeant (D:7)
  3 scorpions
  3 wights (D:7)
  3 howler monkeys (D:8)
  2 hounds
  A bullfrog skeleton (D:6)
  2 jellies
  5 orc priests
  A gnoll shaman (D:4)
  4 iguanas
  5 orc wizards
  A killer bee zombie (D:6)
  2 howler monkey zombies
  12 gnolls
  A howler monkey skeleton (D:5)
  3 adders
  3 shadow imps
  An ufetubus (D:6)
  4 dart slugs
  20 orcs
  5 endoplasms
  2 giant cockroaches
  8 goblins
  6 hobgoblins
  6 jackals (D:1)
  3 kobolds
  6 quokkas
  3 ball pythons
  4 bats
  6 frilled lizards
  3 rats
157 creatures vanquished.

Table legend: (Time is in decaauts)
 A = Elapsed time spent in this place.
 B = Non-inter-level travel time spent in this place.
 C = Inter-level travel time spent in this place.
 D = Time resting spent in this place.
 E = Time spent auto-exploring this place.
 F = Levels seen in this place.
 G = Mean time per level.
                   A        B        C        D        E       F      G
               +--------+--------+--------+--------+--------+-----+--------+
         Total |  10160 |   9956 |    204 |   1859 |   6988 |   8 | 1270.0 |
       Dungeon |  10160 |   9956 |    204 |   1859 |   6988 |   8 | 1270.0 |
               +--------+--------+--------+--------+--------+-----+--------+

Top non-repeatable levels by time:
     D:5: 1593 daAuts
     D:4: 1505 daAuts
     D:7: 1494 daAuts
     D:6: 1339 daAuts
     D:8: 1267 daAuts
     D:1: 1070 daAuts
     D:2: 1010 daAuts
     D:3: 880 daAuts

Table legend:
 A = Non-vault XP
 B = Vault XP
 C = Vault XP percentage of total XP
 D = Non-vault monster count
 E = Vault monster count
 F = Vault count percentage of total count
                 A         B        C        D         E       F
            +---------+---------+-------+---------+---------+-------
      Total |    4671 |    2639 |  36.1 |     150 |       7 |   4.5
            +---------+---------+-------+---------+---------+-------
        D:1 |      47 |       0 |   0.0 |      26 |       0 |   0.0
        D:2 |      34 |       0 |   0.0 |      13 |       0 |   0.0
        D:3 |      47 |       0 |   0.0 |      12 |       0 |   0.0
        D:4 |     620 |       0 |   0.0 |      22 |       0 |   0.0
        D:5 |    1058 |       0 |   0.0 |      18 |       0 |   0.0
        D:6 |    1026 |     389 |  27.5 |      26 |       1 |   3.7
        D:7 |     968 |       0 |   0.0 |      25 |       0 |   0.0
        D:8 |     871 |    2250 |  72.1 |       8 |       6 |  42.9
            +---------+---------+-------+---------+---------+-------
